Map: Inferno Pools

Players

CBagRun

  • Race: Zerg Zerg
  • Spawn Location: 11:00

HORSES

  • Race: Zerg Zerg
  • Spawn Location: 1:00

Ecrotoss - Winner!

  • Race: Protoss Protoss
  • Spawn Location: 7:00

couchman - Winner!

  • Race: Terran Terran
  • Spawn Location: 5:00

VOD

Have the link to the VOD?

Description

Time

  • Played on: Dec. 14, 2021, 2:39 a.m.
  • Length: 44:24
Show
View Real Time Build Order
Export as new Build Order

CBagRun Zerg 

Build Orders: Pool First 

Get SALT Encoding   

  12  0:00  Drone  
  13  0:10  Drone  
  14  0:28  Spawning Pool  
  14  0:30  Drone  
  14  0:44  Overlord  
  14  0:58  Extractor  
  14  1:02  Evolution Chamber  
  12  1:17  Zergling x6  
  15  1:19  Queen  
  17  1:29  Drone  
  18  2:02  Metabolic Boost  
  16  3:05  Drone x3  
  18  3:06  Drone x2  
  20  3:17  Lair  
  20  3:29  Spore Crawler  
  19  3:35  Spore Crawler  
  19  3:38  Spore Crawler  
  17  3:41  Spore Crawler  
  17  3:42  Zergling x2  
  17  3:43  Zergling x10  
  17  3:44  Spore Crawler  
  21  4:10  Overlord  
  21  4:16  Drone  
  21  5:12  Spire  
  15  6:20  Drone  
  15  6:21  Drone x4  
  20  6:29  Corruptor x2  
  20  6:30  Corruptor x2  
  29  6:47  Zergling x4  
  29  6:51  Overlord x2  
  29  6:52  Overlord x2  
  30  7:09  Zergling x10  
  30  7:12  Zerg Melee Weapons Level 1  
  35  7:18  Overlord  
  35  7:35  Overlord  
  35  7:36  Overlord  
  35  7:38  Zergling x2  
  36  7:49  Overlord x2  
  30  8:22  Zergling x2  
  30  8:23  Zergling x10  
  36  8:36  Overlord  
  31  8:56  Spore Crawler  
  31  8:57  Spore Crawler  
  31  8:59  Spore Crawler  
  31  9:02  Corruptor  
  28  9:03  Corruptor  
  30  9:24  Drone x2  
  32  9:37  Queen  
  34  9:50  Corruptor  
  34  9:51  Corruptor  
  33  10:13  Queen  
  35  10:15  Overlord x3  
  31  10:52  Corruptor  
  31  10:55  Zergling x8  
  37  11:00  Zerg Ground Armor Level 1  
  37  11:20  Extractor  
  36  11:25  Extractor  
  35  11:48  Zergling x16  
  39  12:04  Zergling x2  
  40  12:46  Zerg Flyer Armor Level 1  
  40  12:50  Hatchery  
  35  13:22  Zergling x10  
  35  13:23  Zergling x10  
  45  13:27  Zerg Melee Weapons Level 2  
  45  13:59  Drone  
  45  14:00  Drone x3  
  49  14:23  Drone x2  
  51  14:46  Zergling x2  
  51  14:47  Zergling x6  
  55  15:02  Zergling x6  
  58  15:11  Drone  
  58  15:12  Drone x2  
  52  16:04  Zergling x2  
  52  16:05  Zergling x12  
  52  16:07  Zergling x14  
  65  18:02  Zergling x2  
  65  18:03  Zergling x22  
  78  18:05  Zergling x2  
  78  18:06  Zergling x16  
  27  20:24  Zerg Ground Armor Level 2  
  27  20:35  Infestation Pit  
  26  20:47  Zergling x6  
  26  20:49  Zergling x14  
  26  22:07  Hive  
  26  22:41  Zerg Missile Weapons Level 1  
  26  23:25  Ultralisk Cavern  
  25  23:40  Overseer  
  25  23:47  Pneumatized Carapace  
  25  24:12  Ultralisk  
  25  24:13  Ultralisk x13  
  109  24:35  Queen  
  111  24:44  Hatchery  
  74  25:49  Ultralisk  
  86  25:50  Ultralisk  
  86  25:52  Zergling x2  
  86  25:53  Zergling x28  
  101  26:01  Drone  
  45  26:51  Drone  
  45  26:52  Drone x5  
  45  27:28  Extractor  
  44  27:33  Extractor  
  43  27:37  Anabolic Synthesis  
  43  27:44  Ultralisk x2  
  54  28:20  Chitinous Plating  
  54  28:40  Zergling x12  
  60  28:43  Zergling x20  
  60  28:44  Zergling x18  
  79  29:03  Overseer  
  71  29:45  Zergling x4  
  72  29:46  Zergling x8  
  72  29:49  Zergling x2  
  72  29:50  Zergling x12  
  62  30:04  Ultralisk  
  62  30:05  Ultralisk  
  58  30:08  Zergling x4  
  58  30:09  Zergling x4  
  59  30:27  Zergling x8  
  63  30:31  Zergling x2  
  63  30:32  Zergling x6  
  67  31:18  Hatchery  
  66  31:27  Overseer  
  66  31:38  Ultralisk x2  
  42  32:33  Drone  
  43  32:39  Drone x6  
  49  32:52  Ultralisk x2  
  61  32:59  Drone x2  
  63  34:30  Zergling x6  
  66  34:35  Zergling x2  
  66  34:36  Zergling x30  
  82  34:41  Ultralisk  
  82  34:42  Ultralisk x3  
  56  36:47  Ultralisk x3  
  56  36:51  Zergling x10  
  73  36:54  Zergling x2  
  73  36:55  Zergling x16  
  73  36:58  Queen  
  73  37:00  Zergling x2  
  89  37:01  Zergling x28  
  89  37:04  Zergling x2  
  100  37:10  Zergling x4  
  102  37:18  Overlord x2  
  102  37:25  Overlord  
  102  37:26  Overlord  
  102  37:28  Overlord  
  102  37:29  Overlord x2  
  102  37:40  Zergling x2  
  102  37:41  Zergling x6  
  106  37:47  Zergling x2  
  106  37:48  Zergling x4  
  109  37:54  Zergling x8  
  113  37:58  Zergling x4  
  113  37:59  Zergling x2  
  68  38:41  Ultralisk x3  
  69  38:48  Zergling x2  
  69  38:49  Zergling x4  
  69  38:50  Zergling x2  
  69  38:51  Zergling x12  
  69  38:53  Zergling x2  
  69  38:54  Zergling x4  
  81  38:56  Zergling x6  
  81  38:57  Zergling x4  
  65  40:02  Ultralisk  
  65  40:03  Ultralisk  
  77  40:14  Zergling x2  
  77  40:15  Zergling x6  
  77  40:17  Zergling x2  
  77  40:18  Zergling x10  
  77  40:20  Zergling x10  
  89  41:01  Corruptor  
  89  41:02  Corruptor x2  
  95  41:05  Corruptor x2  
  95  41:11  Zergling x6  
  100  41:13  Zergling x2  
  100  41:15  Zergling x2  
  104  41:28  Overseer  
  104  41:34  Zergling x2  
  61  42:54  Ultralisk  
  61  42:58  Zergling x6  
  68  43:01  Zergling x6  
Show
View Real Time Build Order
Export as new Build Order

HORSES Zerg 

Build Orders: Pool First 

Get SALT Encoding   

  12  0:14  Drone  
  13  0:15  Overlord  
  13  0:23  Drone  
  14  0:38  Spawning Pool  
  14  0:41  Drone  
  14  0:46  Drone  
  14  0:47  Drone  
  16  0:57  Drone  
  17  1:08  Drone  
  18  1:12  Extractor  
  17  1:21  Overlord  
  17  1:30  Drone  
  18  1:45  Drone  
  19  1:49  Queen  
  19  1:51  Zergling x2  
  22  2:04  Zergling x2  
  23  2:12  Drone  
  24  2:22  Metabolic Boost  
  24  2:27  Extractor  
  23  2:38  Drone x2  
  25  2:47  Zergling x2  
  26  3:00  Zergling x8  
  30  3:17  Overlord  
  30  3:36  Drone x3  
  30  3:39  Overlord  
  30  3:40  Overlord  
  33  3:53  Drone  
  28  4:36  Drone  
  28  4:37  Drone  
  29  4:45  Evolution Chamber  
  28  4:48  Evolution Chamber  
  28  4:51  Roach Warren, Lair  
  26  4:56  Zergling x6  
  29  5:17  Evolution Chamber  
  29  5:18  Zergling x2  
  29  5:22  Zerg Melee Weapons Level 1  
  29  5:23  Zerg Ground Armor Level 1  
  29  5:28  Zergling x8  
  33  5:45  Drone  
  33  5:49  Hatchery  
  33  5:52  Roach  
  8  7:20  Drone x2  
  8  7:21  Drone x3  
  13  7:24  Drone x3  
  8  7:51  Zerg Missile Weapons Level 1  
  8  7:53  Drone  
  8  7:56  Drone  
  8  7:57  Drone x2  
  12  7:59  Lair  
  12  8:41  Hatchery  
  12  8:44  Drone x3  
  14  9:01  Queen  
  17  9:02  Drone  
  17  9:16  Zerg Ground Armor Level 2  
  17  9:18  Glial Reconstitution  
  17  9:27  Drone x2  
  19  9:32  Extractor  
  18  9:38  Extractor  
  18  9:45  Zerg Melee Weapons Level 2  
  17  9:56  Zergling x2  
  17  9:58  Drone x3  
  21  10:20  Drone  
  22  10:22  Drone x3  
  22  10:26  Drone x3  
  28  10:29  Lair  
  28  11:05  Drone x3  
  31  11:18  Zergling x2  
  31  11:19  Zergling x6  
  31  11:25  Roach x3  
  41  11:26  Roach  
  38  11:43  Roach x3  
  37  12:05  Drone  
  37  12:06  Drone  
  39  12:11  Queen  
  39  12:14  Drone x2  
  39  12:15  Drone  
  44  12:27  Spire  
  43  12:37  Roach x4  
  43  12:42  Drone  
  43  12:43  Drone x2  
  54  13:00  Drone  
  55  13:08  Drone x2  
  55  13:09  Drone  
  55  13:12  Drone x2  
  60  13:15  Overlord  
  60  13:23  Zerg Missile Weapons Level 2  
  60  13:38  Infestation Pit  
  60  13:39  Spore Crawler  
  58  13:47  Spore Crawler  
  57  13:55  Spore Crawler  
  56  14:04  Spore Crawler  
  56  14:08  Corruptor x3  
  56  14:09  Corruptor x2  
  65  14:15  Zerg Flyer Weapons Level 1  
  65  14:18  Drone x3  
  65  14:21  Overlord x2  
  65  14:24  Overlord  
  68  14:45  Corruptor x2  
  70  14:50  Drone x3  
  70  14:51  Drone x2  
  77  14:53  Drone  
  78  15:00  Roach x2  
  82  15:18  Overlord  
  82  15:19  Overlord x2  
  82  15:30  Pneumatized Carapace  
  82  15:34  Hive  
  82  16:00  Corruptor x5  
  82  16:03  Overlord  
  92  16:06  Drone  
  92  16:07  Drone  
  92  16:09  Zerg Flyer Armor Level 1  
  94  16:13  Drone  
  94  16:16  Roach x2  
  99  16:37  Roach x3  
  105  16:51  Overseer  
  105  17:13  Zergling x6  
  105  17:14  Zergling x12  
  105  17:15  Zergling x4  
  113  18:03  Zerg Flyer Weapons Level 2  
  113  18:15  Hatchery  
  113  18:18  Drone  
  64  20:11  Drone x3  
  67  20:23  Adrenal Glands  
  67  20:27  Zergling x4  
  67  20:28  Zergling x2  
  70  20:44  Queen  
  71  21:03  Drone x3  
  72  21:06  Roach x3  
  78  21:16  Roach x3  
  76  21:26  Zergling x4  
  76  21:27  Zergling x2  
  71  21:46  Zerg Flyer Weapons Level 3  
  68  21:57  Drone x3  
  68  21:59  Zergling x2  
  72  22:02  Roach  
  74  22:33  Lair  
  74  22:39  Overseer  
  74  22:54  Corruptor x5  
  74  22:55  Corruptor  
  86  24:10  Zergling x10  
  86  24:11  Zergling x14  
  86  24:12  Zergling x6  
  86  24:16  Queen  
  103  24:23  Zerg Flyer Armor Level 2  
  103  24:46  Hatchery  
  103  24:50  Extractor  
  101  24:53  Extractor  
  54  25:11  Roach x4  
  54  25:12  Roach  
  56  25:40  Corruptor x5  
  56  25:41  Corruptor x5  
  74  26:12  Corruptor x2  
  76  27:24  Zergling x4  
  76  27:25  Zergling x12  
  76  27:26  Zergling x4  
  81  29:14  Drone  
  81  29:15  Drone  
  83  29:31  Lair  
  83  29:46  Spawning Pool  
  83  29:49  Roach Warren  
  74  30:13  Zergling x10  
  74  30:14  Zergling x12  
  85  30:28  Evolution Chamber  
  84  31:03  Zergling x2  
  84  31:04  Zergling x10  
  90  31:12  Drone  
  90  31:15  Drone x2  
  90  31:16  Queen  
  68  32:32  Overlord x3  
  68  32:42  Hive  
  68  33:00  Mutalisk x7  
  68  33:01  Mutalisk x6  
  94  33:35  Nydus Network  
  93  34:26  Mutalisk x8  
  93  34:27  Mutalisk x2  
  97  35:08  Ultralisk Cavern  
  34  36:01  Ultralisk x8  
  78  36:41  Chitinous Plating  
  78  37:03  Zergling x2  
  78  37:04  Zergling x16  
  78  37:05  Zergling x4  
  89  37:28  Zergling x12  
  89  37:29  Zergling x2  
  96  37:43  Overlord  
  96  37:59  Anabolic Synthesis  
  96  38:07  Hatchery  
  95  38:33  Nydus Canal  
  27  39:23  Roach x4  
  31  39:30  Drone x2  
  33  39:40  Ultralisk  
  39  39:48  Drone  
  37  40:27  Zergling x2  
  37  40:28  Zergling x14  
  45  40:37  Nydus Canal  
Show
View Real Time Build Order
Export as new Build Order

Ecrotoss Protoss - Winner!

Build Orders: Double Forge 

Get SALT Encoding   

  12  0:00  Probe  
  13  0:14  Pylon  
  13  0:18  Probe  
  14  0:29  Assimilator  
  14  0:30  Probe  
  15  0:41  Gateway  
  15  0:47  Probe  
  16  0:59  Probe  
  16  1:02  Pylon  
  17  1:08  Pylon  
  17  1:14  Pylon  
  17  1:32  Cybernetics Core  
  17  1:35  Forge  
  17  1:41  Probe  
  18  1:53  Probe  
  19  2:05  Probe  
  20  2:28  Photon Cannon  
  19  2:31  Zealot (Chrono Boost)  
  20  2:40  Pylon  
  20  2:41  Pylon  
  20  2:49  Zealot (Chrono Boost)  
  22  3:23  Photon Cannon  
  22  3:29  Pylon  
  22  3:37  Stalker  
  24  3:49  Warp Gate  
  24  4:02  Forge  
  16  4:47  Stalker (Chrono Boost)  
  18  5:02  Photon Cannon  
  18  5:14  Stalker (Chrono Boost)  
  18  6:13  Protoss Ground Weapons Level 1 (Chrono Boost)  
  18  6:14  Protoss Ground Armor Level 1 (Chrono Boost)  
  18  6:22  Zealot  
  20  6:39  Gateway  
  20  7:24  Robotics Facility  
  20  7:39  Zealot x2  
  24  7:50  Assimilator  
  24  7:52  Probe  
  25  8:04  Probe  
  26  8:16  Probe  
  27  8:28  Probe  
  27  8:32  Pylon  
  28  8:38  Twilight Council  
  28  8:40  Probe  
  29  8:42  Warp Prism  
  29  8:48  Zealot  
  33  9:04  Pylon  
  33  9:15  Probe  
  34  9:19  Observer  
  34  9:21  Gateway  
  35  9:27  Probe  
  36  9:39  Probe  
  37  9:47  Dark Shrine  
  37  9:57  Nexus  
  37  10:12  Protoss Ground Armor Level 2 (Chrono Boost)  
  37  10:20  Protoss Ground Weapons Level 2 (Chrono Boost)  
  35  10:36  Stalker  
  35  10:41  Stalker  
  39  10:55  Shield Battery  
  39  11:02  Photon Cannon  
  39  11:14  Photon Cannon  
  39  11:23  Dark Templar  
  41  11:33  Probe  
  42  11:45  Probe  
  43  11:48  Dark Templar  
  43  11:51  Dark Templar  
  47  11:57  Probe  
  48  12:23  Observer (Chrono Boost)  
  49  12:37  Immortal (Chrono Boost)  
  49  12:39  Probe  
  54  12:48  Pylon  
  54  12:50  Pylon  
  54  12:51  Probe  
  53  12:53  Pylon  
  53  12:55  Pylon  
  49  13:03  Probe  
  49  13:05  Gateway  
  50  13:15  Probe  
  50  13:18  Observer  
  51  13:27  Probe  
  51  13:31  Dark Templar x2  
  51  13:32  Dark Templar  
  57  14:12  Shadow Stride (Chrono Boost)  
  57  14:44  Zealot  
  59  14:46  Zealot x2  
  59  14:47  Zealot  
  65  15:08  Probe  
  65  15:11  Assimilator  
  66  15:16  Assimilator  
  66  15:20  Probe  
  67  15:30  Dark Templar  
  67  15:31  Dark Templar x2  
  67  15:32  Probe  
  64  15:51  Observer  
  65  16:03  Protoss Ground Weapons Level 3  
  65  16:08  Probe  
  66  16:13  Observer  
  67  16:20  Probe  
  68  16:31  Protoss Ground Armor Level 3  
  68  16:32  Probe  
  69  16:45  Pylon  
  69  16:48  Pylon  
  69  16:51  Nexus  
  69  16:56  Pylon  
  69  16:57  Dark Templar x2  
  69  17:00  Pylon  
  66  19:04  Zealot  
  66  19:05  Zealot x3  
  74  19:16  Gateway  
  74  19:17  Gateway  
  74  19:20  Gateway  
  74  19:55  Archon  
  74  20:32  Photon Cannon  
  74  20:36  Pylon  
  74  21:17  Zealot x3  
  80  21:24  Zealot  
  80  21:25  Zealot x3  
  78  21:53  Zealot x4  
  78  21:54  Zealot x3  
  88  22:14  Pylon  
  88  22:19  Stargate x2, Charge (Chrono Boost)  
  88  22:21  Stargate  
  88  22:34  Zealot  
  88  22:35  Zealot x6  
  102  22:48  Photon Cannon  
  102  22:49  Photon Cannon  
  102  22:51  Photon Cannon  
  102  22:54  Photon Cannon  
  102  23:25  Zealot x2  
  102  23:26  Zealot x5  
  116  23:48  Protoss Shields Level 1  
  116  23:53  Zealot x4  
  116  23:54  Zealot x3  
  130  24:21  Dark Templar x2  
  130  24:22  Dark Templar  
  130  24:23  Dark Templar  
  138  24:27  Archon  
  138  24:28  Archon  
  138  24:36  Stalker x3  
  140  25:21  Zealot x7  
  76  26:00  Void Ray x2  
  76  26:01  Templar Archives, Void Ray  
  88  26:14  Zealot x2  
  88  26:15  Zealot  
  88  26:16  Zealot x3  
  100  26:37  Void Ray x2  
  100  26:38  Void Ray  
  100  26:52  Adept x3  
  100  26:53  Adept  
  108  26:54  Dark Templar x3  
  114  27:39  Nexus  
  114  28:16  Zealot  
  114  28:17  Zealot x6  
  120  28:47  Zealot x2  
  120  28:48  Zealot x4  
  128  28:49  Zealot  
  134  29:09  Protoss Shields Level 2  
  134  29:12  Psionic Storm  
  134  29:18  Dark Templar  
  134  29:19  Dark Templar x2  
  134  29:21  Adept x2  
  134  29:22  Adept x2  
  120  30:22  High Templar x2  
  120  30:23  High Templar x2  
  120  30:24  Dark Templar x2  
  120  30:25  Dark Templar  
  134  30:29  Archon x2  
  134  30:32  Probe  
  135  30:41  Assimilator  
  135  30:44  Probe  
  135  30:45  Assimilator  
  136  30:56  Probe  
  137  31:08  Probe  
  138  31:16  Zealot x5  
  138  31:17  Zealot  
  150  31:20  Probe  
  151  31:30  Zealot  
  153  31:39  Zealot x3  
  159  31:40  Zealot x3  
  165  32:05  Zealot x3  
  165  32:06  Stalker x4  
  175  32:35  Zealot  
  175  32:36  Zealot  
  179  33:00  Observer  
  180  33:17  Pylon  
  180  33:19  Pylon  
  180  33:20  Pylon  
  180  33:22  Pylon  
  180  33:24  Pylon  
  180  33:25  Pylon  
  180  33:35  Observer  
  180  33:39  Dark Templar x2  
  180  33:40  Dark Templar  
  187  33:49  Zealot x3  
  187  33:50  Zealot  
  78  36:13  Zealot x3  
  78  36:14  Zealot x4  
  92  36:45  Zealot x5  
  92  36:46  Zealot x2  
  106  37:38  Zealot x4  
  106  37:39  Zealot x3  
  120  38:05  Dark Templar x2  
  124  38:06  Dark Templar x2  
  124  38:08  High Templar  
  124  38:09  High Templar  
  132  38:19  Archon  
  96  38:41  Zealot x5  
  98  38:42  Zealot  
  98  38:45  Zealot  
  92  39:12  Zealot x6  
  92  39:13  Zealot  
  94  39:34  Dark Templar x3  
  94  39:35  Dark Templar  
  94  39:36  Dark Templar  
  94  39:37  High Templar  
  92  39:59  Assimilator  
  92  40:04  Assimilator  
  92  40:09  High Templar  
  94  40:14  Archon  
  94  40:32  Zealot x4  
  94  40:33  Zealot x2  
  100  42:04  Zealot  
  100  42:05  Zealot x6  
  72  42:27  Warp Prism  
  74  42:43  Zealot  
  74  42:44  Zealot x6  
  88  43:03  Immortal  
  78  43:41  Immortal (Chrono Boost)  
  78  43:44  Zealot x4  
  78  43:45  Zealot x3  
  80  44:05  Dark Templar x5  
  80  44:06  Dark Templar x2  
Show
View Real Time Build Order
Export as new Build Order

couchman Terran - Winner!

Build Orders:  

Get SALT Encoding   

  12  0:00  SCV  
  13  0:12  SCV  
  14  0:19  Supply Depot  
  14  0:24  SCV  
  15  0:41  SCV  
  16  0:44  Supply Depot  
  16  0:53  Barracks, SCV  
  17  1:05  SCV  
  17  1:06  Supply Depot  
  18  1:14  Refinery  
  18  1:17  SCV  
  19  1:30  SCV  
  20  1:41  Marine  
  20  1:42  SCV  
  20  1:46  Refinery  
  22  1:55  SCV  
  22  1:58  Marine  
  24  2:07  SCV  
  25  2:17  Supply Depot  
  25  2:19  SCV  
  26  2:29  Factory  
  26  2:40  Supply Depot  
  26  2:50  SCV  
  27  3:02  SCV  
  27  3:04  Supply Depot  
  28  3:10  Command Center  
  28  3:14  SCV  
  28  3:16  Starport  
  29  3:26  SCV  
  30  3:28  Marine  
  31  3:38  SCV  
  32  3:44  Factory Reactor  
  32  3:46  Marine  
  33  3:50  SCV  
  33  3:55  Starport Tech Lab, Fusion Core  
  34  4:02  SCV  
  35  4:04  Marine  
  36  4:14  SCV  
  37  4:22  Marine, SCV  
  39  4:34  SCV  
  40  4:39  Marine  
  40  4:42  Battlecruiser  
  47  4:46  SCV  
  47  4:54  Engineering Bay  
  47  4:58  SCV  
  48  5:08  SCV  
  48  5:10  SCV  
  50  5:20  SCV  
  51  5:22  SCV  
  52  5:30  Barracks Tech Lab, Barracks  
  52  5:32  SCV  
  52  5:34  SCV, Weapon Refit  
  54  5:39  Bunker  
  54  5:40  Armory  
  54  6:09  Bunker  
  54  6:21  Battlecruiser  
  54  6:25  Marine  
  53  6:26  Marine  
  53  6:29  Missile Turret  
  45  6:43  Marine  
  45  6:44  Marine  
  45  7:01  Marine  
  33  7:02  Marine  
  26  7:18  Marine  
  26  7:19  Marine, SCV  
  26  7:32  SCV  
  26  7:36  Marine  
  27  7:37  Marine  
  27  7:38  Battlecruiser  
  27  7:44  SCV  
  29  7:54  Marine  
  29  7:55  Marine  
  29  7:56  SCV  
  32  8:08  SCV  
  32  8:12  Marine  
  34  8:13  Marine  
  35  8:30  Marine  
  35  8:31  Marine  
  37  8:47  Marine  
  38  8:48  Marine  
  38  8:49  SCV  
  34  8:56  Supply Depot  
  34  9:01  SCV  
  35  9:05  Marine  
  35  9:06  Marine  
  37  9:13  SCV  
  38  9:23  Marine  
  33  9:24  Marine  
  33  9:26  SCV  
  35  9:41  Marine  
  35  9:42  Marine  
  37  9:46  Command Center  
  37  9:59  Marine, SCV  
  39  10:11  SCV  
  40  10:33  SCV  
  40  10:34  Refinery  
  41  10:37  Marine  
  42  10:45  SCV  
  43  10:58  SCV  
  44  11:10  SCV  
  44  11:11  SCV  
  46  11:22  SCV  
  46  11:23  SCV  
  48  11:34  SCV  
  48  11:35  SCV  
  48  11:47  SCV  
  40  11:59  SCV  
  40  12:00  Marine  
  40  12:01  Marine  
  41  12:18  Marine  
  41  12:19  Marine  
  41  12:21  SCV  
  41  12:22  SCV  
  45  12:28  Refinery  
  45  12:33  SCV  
  45  12:34  SCV  
  45  12:36  Marine  
  48  12:37  Marine  
  48  12:40  Bunker  
  48  12:41  Terran Vehicle And Ship Armor Level 1  
  48  12:43  Terran Infantry Weapons Level 1  
  49  12:45  SCV  
  49  12:46  SCV  
  51  12:52  SCV  
  51  12:57  SCV  
  53  12:58  SCV  
  53  13:04  SCV  
  55  13:09  SCV  
  55  13:11  SCV  
  57  13:16  SCV  
  57  13:17  Supply Depot  
  58  13:27  SCV  
  58  13:28  SCV  
  60  13:39  SCV  
  60  13:41  SCV  
  62  13:42  Supply Depot  
  62  13:53  SCV  
  62  13:54  Missile Turret  
  63  14:05  Supply Depot, SCV  
  64  14:17  SCV  
  64  14:21  Bunker  
  65  14:26  Planetary Fortress  
  65  14:28  Supply Depot  
  65  14:29  SCV  
  66  14:34  Widow Mine x2  
  66  14:35  Terran Ship Weapons Level 1  
  66  14:37  Hi-Sec Auto Tracking  
  70  14:38  Viking  
  72  14:51  Supply Depot  
  72  14:55  Widow Mine  
  72  14:56  Widow Mine  
  76  15:08  Viking  
  78  15:14  Supply Depot  
  78  15:24  Refinery  
  78  15:26  SCV  
  78  15:28  SCV, Refinery  
  80  15:36  SCV  
  80  15:38  Viking, Supply Depot, SCV  
  80  15:40  SCV  
  85  15:48  SCV  
  86  15:50  SCV  
  86  15:52  SCV  
  88  16:00  SCV  
  88  16:01  Supply Depot  
  88  16:02  SCV  
  90  16:04  SCV, Command Center  
  90  16:06  Starport  
  90  16:08  Viking  
  93  16:13  SCV  
  93  16:16  SCV  
  95  16:20  Missile Turret  
  95  16:24  Supply Depot  
  95  16:25  SCV  
  96  16:28  SCV, Refinery  
  96  16:29  Terran Vehicle And Ship Armor Level 2  
  96  16:30  Refinery  
  97  16:37  Refinery  
  97  16:39  Missile Turret  
  97  16:40  SCV, Refinery  
  97  16:44  Starport  
  98  16:47  Supply Depot  
  98  16:50  Missile Turret  
  98  16:53  SCV  
  99  17:03  Terran Infantry Weapons Level 2  
  99  17:05  SCV  
  100  17:09  Supply Depot  
  100  17:10  Missile Turret  
  100  17:11  Barracks Tech Lab  
  100  17:12  Barracks Tech Lab  
  100  17:19  Barracks, Starport Tech Lab  
  100  17:30  Barracks  
  95  17:55  Viking  
  95  17:57  Starport Tech Lab  
  97  18:11  Supply Depot  
  97  18:20  Marauder  
  97  18:21  Marauder  
  97  18:25  Viking  
  103  18:27  Barracks Tech Lab  
  103  18:31  Barracks Tech Lab  
  103  18:33  Supply Depot  
  103  18:42  Marauder x2  
  103  18:44  Terran Ship Weapons Level 2  
  107  18:49  Marauder  
  107  18:50  Marauder  
  107  18:51  Command Center  
  107  18:53  Concussive Shells  
  107  18:55  Viking, Supply Depot, Stimpack  
  111  18:56  Combat Shield  
  111  19:03  Marauder x2  
  115  19:11  Marauder x2  
  113  19:20  Terran Infantry Armor Level 1  
  107  19:24  Marauder  
  107  19:25  Marauder  
  111  19:32  Marauder x2  
  110  19:46  Marauder  
  100  20:40  Bunker  
  93  21:11  Bunker  
  82  21:40  Marauder  
  82  21:41  Marauder x3, Missile Turret  
  82  21:44  Viking  
  92  22:01  Missile Turret  
  92  22:02  Marauder x4  
  100  22:14  Viking  
  102  22:21  Viking x2, Missile Turret  
  106  22:23  Marauder  
  106  22:24  Marauder x3  
  114  22:31  Terran Infantry Armor Level 2  
  114  22:34  Terran Vehicle And Ship Armor Level 3  
  114  22:44  Viking, Marauder  
  114  22:45  Marauder x3  
  114  22:51  Viking x2  
  128  23:06  Marauder x4  
  136  23:14  Viking  
  138  23:37  Command Center  
  138  23:40  Refinery  
  138  23:43  Refinery  
  138  23:44  Viking, Bunker  
  138  23:47  Missile Turret  
  140  23:55  Supply Depot  
  140  24:09  Supply Depot  
  140  24:19  Supply Depot  
  140  24:41  Supply Depot  
  140  24:47  Terran Infantry Weapons Level 3  
  132  25:04  Supply Depot  
  130  25:12  Terran Ship Weapons Level 3  
  130  25:26  Supply Depot  
  98  25:49  Supply Depot, SCV  
  97  25:57  Viking x3  
  97  26:02  SCV  
  104  26:14  SCV  
  105  26:23  Sensor Tower  
  105  26:26  SCV  
  105  26:27  Viking x3  
  112  26:37  Sensor Tower  
  112  26:38  SCV  
  113  26:41  Sensor Tower  
  113  26:55  Sensor Tower  
  113  26:57  Viking x3  
  119  27:09  SCV  
  119  27:11  Sensor Tower  
  120  27:19  Sensor Tower  
  120  27:20  Supply Depot  
  120  27:21  SCV  
  120  27:22  Supply Depot  
  121  27:23  Supply Depot  
  121  27:24  Supply Depot  
  121  27:27  Viking x3  
  121  27:29  Sensor Tower  
  127  27:33  SCV  
  127  27:36  Widow Mine x2  
  132  27:42  Reaper x3  
  135  27:57  Viking x3, Widow Mine x2  
  145  28:00  Sensor Tower  
  145  28:14  Reaper x3  
  148  28:31  Sensor Tower  
  147  28:46  Reaper x3  
  150  28:54  Sensor Tower  
  150  29:18  Reaper x2  
  150  29:19  Reaper  
  153  29:33  Command Center  
  151  29:50  Reaper  
  151  29:51  Reaper x2  
  255  30:14  Viking x3  
  128  30:16  Terran Vehicle Weapons Level 1  
  128  30:18  Terran Infantry Armor Level 3  
  134  30:44  Viking x3  
  140  31:10  Marine  
  140  31:11  Marine x3  
  142  31:12  Command Center  
  142  31:14  Viking x3  
  150  31:28  Marine x2  
  150  31:29  Marine  
  128  32:30  Bunker  
  128  32:45  Refinery  
  128  32:47  Refinery  
  128  32:48  Planetary Fortress  
  128  32:51  Missile Turret  
  128  32:55  Neosteel Armor  
  128  33:10  Missile Turret  
  127  33:55  Missile Turret  
  127  34:05  Missile Turret  
  127  34:07  Sensor Tower  
  127  34:15  Missile Turret  
  127  34:21  Planetary Fortress  
  127  34:25  Missile Turret  
  99  35:18  Bunker  
  89  36:01  Missile Turret  
  89  36:07  Viking  
  89  36:08  Viking x2  
  93  36:11  Marine  
  93  36:12  Marine x3  
  97  36:22  Missile Turret  
  97  36:29  Marine  
  97  36:30  Marine x3  
  101  36:33  Barracks  
  101  36:34  Sensor Tower  
  101  36:37  Viking  
  101  36:38  Viking x2  
  107  36:47  Marine x2  
  107  36:48  Marine x2  
  111  36:56  Widow Mine x2  
  115  37:04  Marine  
  115  37:05  Marine  
  115  37:06  Marine x2  
  115  37:07  Viking  
  115  37:08  Viking x2  
  125  37:12  Terran Vehicle Weapons Level 2  
  125  37:18  Widow Mine x2  
  125  37:21  Barracks  
  125  37:22  Marine  
  129  37:23  Marine  
  129  37:24  Marine x2  
  133  37:37  Viking  
  133  37:38  Viking x2  
  133  37:39  Widow Mine x2  
  143  37:57  SCV  
  144  38:00  Widow Mine  
  144  38:01  Widow Mine  
  148  38:07  Viking  
  148  38:08  Viking x2  
  148  38:09  Barracks, SCV  
  144  38:19  Marine  
  142  38:20  Marine x3  
  142  38:21  SCV  
  142  38:22  Widow Mine x2  
  149  38:33  SCV  
  150  38:37  Marine  
  150  38:38  Marine x3  
  151  38:45  SCV  
  152  38:55  Marine  
  152  38:56  Marine x3, Barracks  
  146  39:13  Marine x3  
  146  39:14  Marine  
  148  39:31  Marine x4  
  152  40:32  SCV  
  85  43:26  Viking  
  87  43:27  Viking x2  
  91  43:43  SCV  
  91  43:46  Refinery  
  92  43:51  Refinery  
  93  43:55  SCV  
  89  44:07  SCV  
  89  44:08  SCV  
Tags
 
Add a new tag
Caveats
  • Supply blocks, unpowered buildings, or Contaminate may cause inaccurate times.
  • Supply counts are checked every 10 seconds.